 Dungeon Crawl Stone Soup version 0.19.4 (webtiles) character file.

6 Goblin1989 the Digger (level 1, 15/15 HPs)
             Began as a Deep Dwarf Earth Elementalist on Feb 4, 2017.
             Quit the game on level 1 of the Dungeon.
             The game lasted 00:03:18 (263 turns).

Goblin1989 the Digger (DDEE)                         Turns: 263, Time: 00:03:18

Health: 15/15      AC:  2    Str: 11    XL:     1   Next: 75%
Magic:  3/3        EV: 12    Int: 15    God:
Gold:   0          SH:  0    Dex: 13    Spells: 1 memorised, 2 levels left

rFire  . . .     SeeInvis .     g - +0 club (curse)
rCold  . . .     Gourm    .     c - +0 robe
rNeg   . . .     Faith    .     (no shield)
rPois  .         Spirit   .     (no helmet)
rElec  .         Reflect  .     (no cloak)
rCorr  .         Harm     .     (no gloves)
MR     .....                    (no boots)
Stlth  ++........               (no amulet)
                                (no ring)
                                (no ring)

@: non-regenerating
A: damage resistance, recharge devices, sense surroundings 1, slow regeneration
3
a: Device Recharging


You were on level 1 of the Dungeon.
You were not hungry.

You visited 1 branch of the dungeon, and saw 1 of its levels.

Inventory:

Hand Weapons
 g - a cursed +0 club (weapon)
Missiles
 b - 11 stones (quivered)
Armour
 c - a +0 robe (worn)
Wands
 h - a wand of heal wounds (4/9) {!v, @v2}
Scrolls
 i - a scroll of magic mapping {unknown}
Potions
 a - a potion of heal wounds {unknown}
Books
 e - a book of Geomancy

   Spells                             Type                      Level
   a - Sandblast                      Earth                        1
   b - Passwall                       Transmutation/Earth          2
   c - Stone Arrow                    Conjuration/Earth            3
   d - Petrify                        Transmutation/Earth          4
   e - Lee's Rapid Deconstruction     Earth                        5
Comestibles
 d - 2 chunks of flesh
 f - a bread ration {@e1}


   Skills:
 - Level 2.1 Dodging
 - Level 2.4 Stealth
 + Level 1.9 Spellcasting
   Level 0.8 Transmutations
 * Level 4.4 Earth Magic


You had 2 spell levels left.
You knew the following spells:

 Your Spells              Type           Power        Failure   Level  Hunger
a - Sandblast             Erth           ##....       4%          1    ##.....


Dungeon Overview and Level Annotations

Branches:
Dungeon (1/15)

Altars:


Innate Abilities, Weirdness & Mutations

You are resistant to damage.
You can recharge devices by infusing magical energy.
You passively map a small area around you.
You do not regenerate.


Message History

You now have 0/3 mp.
A hobgoblin comes into view.
The hobgoblin moves out of view.
Casting: Sandblast
Confirm with . or Enter, or press ? or * to list all spells.
Aiming: Sandblast
Press: ? - help, Shift-Dir - straight line, f/p - kobold
Aim: a kobold, wielding a dagger (moderately wounded)
You miscast Sandblast.
Nothing appears to happen.
The kobold hits you but does no damage.
You now have 0/3 mp.
The kobold closely misses you.
You see here a club.
g - a club The kobold hits you with a dagger.
You take 1 damage, and have 11/15 hp.
Wield which item (- for none, * to show all)? (? for menu, Esc to quit)
It sticks to your hand!
g - a cursed +0 club (weapon)
The kobold hits you with a dagger.
You take 2 damage, and have 9/15 hp.
You barely miss the kobold.
The kobold is moderately wounded.
The kobold hits you with a dagger.
You miss the kobold.
The kobold is moderately wounded.
The kobold misses you.
You completely miss the kobold.
The kobold is moderately wounded.
The kobold hits you with a dagger.
You closely miss the kobold.
The kobold is moderately wounded.
The kobold barely misses you. The kobold hits you but does no damage.
You completely miss the kobold.
The kobold is moderately wounded.
The kobold barely misses you.
You closely miss the kobold.
The kobold is moderately wounded.
The kobold hits you but does no damage.
You barely miss the kobold.
The kobold is moderately wounded.
The kobold hits you with a dagger. The kobold barely misses you.
You closely miss the kobold.
The kobold is moderately wounded.
The kobold closely misses you.
You closely miss the kobold.
The kobold is moderately wounded.
The kobold hits you but does no damage.
You closely miss the kobold.
The kobold is moderately wounded.
The kobold misses you. The kobold hits you but does no damage.
You hit the kobold.
The kobold is severely wounded.
The kobold barely misses you.
You closely miss the kobold.
The kobold is severely wounded.
The kobold hits you with a dagger.
You take 1 damage, and have 8/15 hp.
You hit the kobold but do no damage.
The kobold is severely wounded.
The kobold misses you.
You hit the kobold.
You kill the kobold!
You see here a dagger.
MP restored: 3 Evoke which item? (* to show all) (? for menu, Esc to quit)
Really evoke
h - a wand of heal wounds (5/9) {!v, @v2}?
Zapping:
h - a wand of heal wounds (5/9) {!v, @v2}
Press: ? - help, Shift-Dir - straight line, f - you You feel much better.
This wand has 4 charges left.
Your magical contamination has completely faded away.
Health restored: 15
b - 10 stones (gained 2)
You butcher the bat corpse.
d - 4 chunks of flesh (gained 1)
b - 11 stones (gained 1) Some of the chunks of flesh in your inventory have rotted away.
You butcher the goblin corpse.
d - 2 chunks of flesh (gained 1)
You see here a goblin skeleton. x2
You open the door.
There is an open door here.
i - a scroll labeled POASSEEGAA A bat comes into view.
A bat is nearby!
Saving game... please wait.
Welcome back, Goblin1989 the Deep Dwarf Earth Elementalist.
Press ? for a list of commands and other information.
Saving game... please wait.
Welcome back, Goblin1989 the Deep Dwarf Earth Elementalist.
Press ? for a list of commands and other information.
Are you sure you want to abandon this character and quit the game? (Confirm with "yes".)
Okay, then.
Welcome back, Goblin1989 the Deep Dwarf Earth Elementalist.
Press ? for a list of commands and other information.
Are you sure you want to abandon this character and quit the game? (Confirm with "yes".)
Okay, then.
Welcome back, Goblin1989 the Deep Dwarf Earth Elementalist.
Press ? for a list of commands and other information.
Are you sure you want to abandon this character and quit the game? (Confirm with "yes".)

▓ ▓ █...█....... ≈ ▓
▓██▲ · ·............ ...
· · · ██..███.█.█. ....
█.█.....█.█... ▓ .....▲
· .█·......█.█.█. ▓
.....████. ███..██.....
......... █........... ·
........█ █.██.██████.
.......@███ █.██.█≈≈≈≈♣≈
..........█ █.██.█≈.♣...
b.........█ █.██.█≈♣♣♣..
..........███.██.█♣.♣...
............█.██..≈....<
.██....████.█.██.█♣.P...
▓
▓█....████.█.)..█≈PPP).
▓
·▓██████....████.█≈.P...
.███████....██...█≈...♣.


You could see a bat (sleeping).

Vanquished Creatures
  A bat (D:1)
  A goblin (D:1)
  A hobgoblin (D:1)
  A kobold (D:1)
  A frilled lizard (D:1)
5 creatures vanquished.

Vanquished Creatures (others)
  5 toadstools (D:1)
5 creatures vanquished.

Grand Total: 10 creatures vanquished

Notes
Turn   | Place    | Note
-------+----------+-------------------------------------------
     0 | D:1      | Goblin1989 the Deep Dwarf Earth Elementalist began the quest for the Orb.
     0 | D:1      | Reached XP level 1. HP: 15/15 MP: 3/3
   263 | D:1      | Quit the game

Action                   || total
-------------------------++-------
Melee: Club              ||    14
 Cast: Sandblast         ||    13
Evoke: Wand              ||     1
Armor: Robe              ||    14
Dodge: Dodged            ||    28

Vault maps used:
D:1:      ldierk_walled_garden, serial_bayou_pond_b
